 Dungeon Crawl Stone Soup version 0.21.1-1-g345015f (webtiles) character file.

4058 Lilu the Fighter (level 10, -7/64 HPs)
             Began as a Deep Elf Conjurer on July 28, 2018.
             Was a Priest of Vehumet.
             Mangled by a yak (11 damage)
             ... on level 7 of the Dungeon.
             The game lasted 00:38:38 (8137 turns).

Lilu the Fighter (Deep Elf Conjurer)                Turns: 8137, Time: 00:38:39

Health: -7/64      AC:  6    Str: 10    XL:     10   Next: 4%
Magic:  11/23      EV: 17    Int: 26    God:    Vehumet [***...]
Gold:   297        SH:  0    Dex: 15    Spells: 9/24 levels left

rFire    . . .     SeeInvis .   A - +6 mace "Zefaif" {speed, *Rage Int+5}
rCold    . . .     Gourm    .   (no shield)
rNeg     . . .     Faith    .   B - +2 robe {MR+}
rPois    +         Spirit   .   y - +0 hat {MR+}
rElec    .         Reflect  .   H - +0 cloak
rCorr    .         Harm     .   d - +0 pair of gloves
MR       +++..     Rnd*Rage +   (no boots)
Stlth    ++........             t - amulet of magic regeneration
HPRegen  0.20/turn              E - ring of poison resistance
MPRegen  0.43/turn              I - +2 ring of strength

@: no status effects
A: no striking features
a: Renounce Religion


You were on level 7 of the Dungeon.
You worshipped Vehumet.
Vehumet was most pleased with you.
You were very hungry.

You visited 2 branches of the dungeon, and saw 8 of its levels.
You also visited: Sewer.

You collected 297 gold pieces.

Inventory:

Hand Weapons
 w - a +0 rapier of freezing
 A - the +6 mace "Zefaif" (weapon) {speed, *Rage Int+5}
   (You found it on level 5 of the Dungeon)

   Attacks with this weapon are significantly faster.
   It affects your intelligence (+5).
   It may make you go berserk in combat.
Missiles
 h - 188 stones (quivered)
Armour
 d - a +0 pair of gloves (worn)
 y - a +0 hat of magic resistance (worn)
 B - a +2 robe of magic resistance (worn)
 H - a +0 cloak (worn)
Jewellery
 m - an uncursed ring of fire
 q - an uncursed ring of resist corrosion
 t - an amulet of magic regeneration (around neck)
 v - an uncursed ring of wizardry {unknown}
 E - a ring of poison resistance (left hand)
 I - a +2 ring of strength (right hand)
Wands
 a - a wand of acid (3)
Scrolls
 e - 2 scrolls of amnesia {unknown}
 f - a scroll of noise {unknown}
 i - 3 scrolls of remove curse
 k - 8 scrolls of teleportation {unknown}
 r - 7 scrolls of identify {unknown}
 C - a scroll of immolation {unknown}
 D - a scroll of magic mapping {unknown}
 F - a scroll of fear {unknown}
Potions
 g - 3 potions of mutation {unknown}
 j - 8 potions of brilliance {unknown}
 l - 8 potions of curing
 n - 5 potions of agility {unknown}
 o - a potion of cancellation {unknown}
 p - 4 potions of heal wounds {unknown}
 s - a potion of ambrosia {unknown}
 u - 2 potions of might {unknown}
Books
 b - a book of Conjurations

   Spells                             Type                      Level
   a - Magic Dart                     Conjuration                  1
   b - Searing Ray                    Conjuration                  2
   c - Dazzling Spray                 Conjuration/Hexes            3
   d - Fulminant Prism                Conjuration/Hexes            4
   e - Force Lance                    Conjuration/Translocation    4
   f - Iskenderun's Mystic Blast      Conjuration                  4
Comestibles
 c - 11 rations


   Skills:
 - Level 8.1 Fighting
 - Level 8.0 Dodging
 - Level 2.4 Stealth
 + Level 7.6 Spellcasting
 - Level 8.0 Conjurations
 + Level 3.4 Fire Magic


You had 9 spell levels left.
You knew the following spells:

 Your Spells              Type           Power        Failure   Level  Hunger
a - Magic Dart            Conj           ####         1%          1    None
b - Searing Ray           Conj           ######       1%          2    None
c - Iskenderun's Mystic   Conj           ######..     1%          4    ##.....
d - Dazzling Spray        Conj/Hex       ####..       1%          3    None
e - Flame Tongue          Conj/Fire      #####        1%          1    None
f - Force Lance           Conj/Tloc      ####....     3%          4    ##.....


Dungeon Overview and Level Annotations

Branches:
Dungeon (7/15)             Temple (1/1) D:4

Altars:
Ashenzari
Cheibriados
Dithmenos
Elyvilon
Fedhas
Makhleb
Nemelex Xobeh
Okawaru
Qazlal
Ru
Sif Muna
Trog
Vehumet
Xom
The Shining One

Shops:
D:4 }


Message History

Casting: Searing Ray
Confirm with . or Enter, or press ? or * to list all spells.
Aiming: Searing Ray
Press: ? - help, Shift-Dir - straight line, f - hog
Aim: a hog (heavily wounded)
The searing ray hits the hog.
The hog is severely wounded. (Press . to maintain the ray.)
The hog bites you!
* * * LOW HITPOINT WARNING * * *
The searing ray hits the hog.
The hog is almost dead.
The hog bites you.
* * * LOW HITPOINT WARNING * * *
The searing ray hits the hog.
You kill the hog!
Vehumet accepts your kill.
You feel your power returning. The yak gores you!
You die...

.[.# #%%...'..# ##.# #%...)#..#
##.##### ###'###..#
.....<.###.....#..# ##
........##.....#<.# #...
.........#######..##..#
.......##.#......>##.## ....#
).....###.#...........## ....#
)......##.......@......##.....
.......##....#..Y.......##..#
...........#.###Y>.....(....#####
).))...##..#.#..............<....
.####..##..#Y#.#.......>.........
....#.....>#.#.#.................
###.#....#.#...#.......##...##...
....#.##...######.....###...##^..
#####..............#.####.#.####.


You could see 2 yaks.

Vanquished Creatures
  The ghost of Lucio the Spear-Bearer, a novice MfBe of Trog (D:5)
  Grinder (D:6)
  A hippogriff (D:7)
  Sigmund (D:2)
  Eustachio (D:4)
  2 hogs (D:7)
  A human (D:7)
  Menkaure (D:5)
  A water moccasin (D:5)
  An orc warrior (D:6)
  2 sky beasts
  An ice beast (D:6)
  An ogre (D:6)
  A phantom (D:7)
  6 centaurs
  2 big kobolds
  Blork the orc (D:6)
  3 bullfrogs
  3 scorpions
  2 howler monkeys
  6 crimson imps
  2 hounds (D:5)
  3 orc wizards
  An orc priest (D:5)
  Crazy Yiuf (D:6)
  A jelly (D:6)
  2 bullfrog skeletons
  3 worker ants
  4 gnolls (D:6)
  4 adders
  2 shadow imps
  3 oozes
  2 adder zombies (D:5)
  6 worms
  3 dart slugs
  2 leopard geckos
  30 orcs
  10 giant cockroaches
  A goblin (D:2)
  3 hobgoblins
  10 jackals
  3 quokkas
  4 ball pythons
  10 bats
  8 frilled lizards
  19 kobolds
  A quokka skeleton (D:7)
  8 rats
185 creatures vanquished.

Notes
Turn   | Place    | Note
-------+----------+-------------------------------------------
     0 | D:1      | Lilu the Deep Elf Conjurer began the quest for the Orb.
     0 | D:1      | Reached XP level 1. HP: 10/10 MP: 6/6
   133 | D:1      | Reached XP level 2. HP: 8/15 MP: 1/8
   139 | D:1      | Reached skill level 5 in Conjurations
   722 | D:1      | Reached XP level 3. HP: 14/19 MP: 2/9
  1239 | D:2      | Learned a level 2 spell: Searing Ray
  1559 | D:2      | Noticed Sigmund
  1559 | D:2      | Found a shadowy altar of Dithmenos.
  1987 | D:2      | Reached XP level 4. HP: 19/24 MP: 7/10
  2241 | D:2      | Learned a level 4 spell: Iskenderun's Mystic Blast
  2442 | D:3      | Found a white marble altar of Elyvilon.
  2803 | D:3      | Found a deep blue altar of Sif Muna.
  3066 | D:4      | Found a staircase to the Ecumenical Temple.
  3086 | Temple   | Entered the Ecumenical Temple
  3111 | Temple   | Became a worshipper of Vehumet
  3172 | D:4      | Noticed Eustachio
  3606 | D:4      | Found a glowing golden altar of the Shining One.
  3680 | D:4      | Found Vanusm's Gadget Shop.
  3764 | D:4      | Reached XP level 5. HP: 28/28 MP: 7/11
  3876 | D:4      | Killed Eustachio
  3876 | D:4      | Reached XP level 6. HP: 10/32 MP: 3/14
  4068 | D:5      | Entered Level 5 of the Dungeon
  4127 | D:5      | Noticed Lucio's ghost (novice MfBe)
  4266 | D:5      | Reached skill level 5 in Spellcasting
  4318 | D:5      | Found a glowing drain.
  4537 | Sewer    | Entered a sewer
  4685 | Sewer    | Reached XP level 7. HP: 36/36 MP: 15/18
  4753 | Sewer    | Reached * piety under Vehumet
  4753 | Sewer    | Offered knowledge of Sandblast by Vehumet.
  4926 | D:5      | Reached skill level 1 in Fighting
  4997 | D:5      | Found a shattered altar of Ashenzari.
  5054 | D:5      | Killed Lucio's ghost
  5130 | D:5      | Got a steaming mace
  5152 | D:5      | Found a stormy altar of Qazlal.
  5235 | D:5      | Identified the +6 mace "Zefaif" {speed, *Rage Int+5} (You found it on level 5 of the Dungeon)
  5258 | D:5      | Reached XP level 8. HP: 48/48 MP: 15/19
  5308 | D:5      | Learned a level 3 spell: Dazzling Spray
  5332 | D:5      | Found a sparkling altar of Nemelex Xobeh.
  5359 | D:5      | Reached skill level 5 in Fighting
  5452 | D:5      | Noticed Menkaure
  5454 | D:5      | Killed Menkaure
  5547 | D:5      | Found a burning altar of Makhleb.
  5548 | D:5      | Found a shimmering altar of Xom.
  5634 | D:5      | Offered knowledge of Flame Tongue by Vehumet.
  5637 | D:5      | Learned a level 1 spell: Flame Tongue
  5661 | D:5      | Reached ** piety under Vehumet
  5668 | D:5      | Found a bloodstained altar of Trog.
  5886 | D:2      | Killed Sigmund
  6060 | D:6      | Reached XP level 9. HP: 45/57 MP: 8/20
  6065 | D:6      | Noticed Blork the orc
  6096 | D:6      | Killed Blork the orc
  6483 | D:6      | Noticed Grinder
  6494 | D:6      | Killed Grinder
  6602 | D:6      | Reached skill level 5 in Dodging
  7013 | D:6      | Found a runed door.
  7091 | D:6      | Offered knowledge of Stone Arrow by Vehumet.
  7269 | D:6      | Noticed Crazy Yiuf
  7270 | D:6      | Killed Crazy Yiuf
  7524 | D:7      | Reached skill level 1 in Fire Magic
  7604 | D:7      | Reached *** piety under Vehumet
  7875 | D:7      | Learned a level 4 spell: Force Lance
  8112 | D:7      | Reached XP level 10. HP: 57/64 MP: 4/23
  8129 | D:7      | HP: 2/64 [hog (4)]
  8137 | D:7      | Mangled by a yak

Skill      XL: |  1  2  3  4  5  6  7  8  9 |
---------------+----------------------------+-----
Conjurations   | 5 6 7 8 |  8.0
Spellcasting   | 4 6 7 |  7.6
Fighting       | 4 7 8 |  8.1
Dodging        | 8 |  8.0
Fire Magic     | 3 |  3.4
Stealth        | |  2.4

Action                   |  1- 3 |  4- 6 |  7- 9 | 10-12 || total
-------------------------+-------+-------+-------+-------++-------
Melee: Unarmed           |    14 |       |       |       ||    14
       Club              |    15 |    15 |     2 |       ||    32
       Mace              |       |       |    34 |       ||    34
 Cast: Magic Dart        |    74 |    57 |   123 |       ||   254
       Searing Ray       |     4 |     9 |    22 |     1 ||    36
       Iskenderun's Myst |       |     7 |    69 |       ||    76
  Use: Scroll            |       |       |     1 |       ||     1
  Eat: Chunk             |     3 |     7 |    12 |       ||    22
       Ration            |       |     1 |     1 |       ||     2
Armor: Robe              |    12 |    38 |    17 |     1 ||    68
Dodge: Dodged            |    33 |    84 |    58 |     2 ||   177
